 Dungeon Crawl Stone Soup version 0.16-a0-3314-g628a0c2 (console) character file.

280 Fusha the Charlatan (level 6, -18/35 HPs)
             Began as a Tengu Artificer on Dec 27, 2014.
             Demolished by an ogre
             ... wielding a +0 giant club
              (19 damage)
             ... on level 4 of the Dungeon.
             The game lasted 00:18:18 (4979 turns).

Fusha the Charlatan (Tengu Artificer)               Turns: 4979, Time: 00:18:18

Health: -18/35     AC:  5    Str: 13    XL:     6   Next: 27%
Magic:  12/12      EV: 13    Int: 12    God:
Gold:   132        SH:  0    Dex: 15    Spells: 0 memorised, 5 levels left

rFire  . . .     SeeInvis .     v - +0 short sword (venom)
rCold  . . .     Clarity  .     t - +1 leather armour {MR+}
rNeg   + . .     SustAb   .     (no shield)
rPois  .         Gourm    .     (helmet restricted)
rElec  .         Spirit   .     (no cloak)
rCorr  .         Warding  .     (no gloves)
rMut   .         Stasis   .     (boots unavailable)
MR     +....                    (no amulet)
Stlth  ++........               q - ring of positive energy
                                j - +1 ring of protection

@: somewhat resistant to hostile enchantments, unstealthy
A: able to fly, beak, talons 3
a: Fly


You were on level 4 of the Dungeon.
You were not hungry.

You visited 1 branch of the dungeon, and saw 4 of its levels.

You collected 132 gold pieces.

Inventory:

Hand weapons
 a - a +0 short sword
 o - a +0 blowgun
 v - a +0 short sword of venom (weapon)
Missiles
 p - a throwing net (quivered)
 y - 14 poisoned needles
Armour
 e - a +0 leather armour
 t - a +1 leather armour of magic resistance (worn)
Jewellery
 j - a +1 ring of protection (left hand)
 n - an uncursed ring of sustain abilities
 q - a ring of positive energy (right hand)
Magical devices
 b - a wand of flame (13)
 c - a wand of enslavement (7)
 d - a wand of random effects (11)
Scrolls
 g - a scroll of fog {unknown}
 k - a scroll of remove curse {unknown}
 l - 3 scrolls of identify {unknown}
 m - a scroll of teleportation {unknown}
 r - a scroll of enchant weapon {unknown}
 s - a scroll of blinking {unknown}
Potions
 h - 3 potions of invisibility {unknown}
 i - 2 potions of curing {unknown}
 u - a potion of cancellation {unknown}
 w - a potion of might {unknown}
 x - a potion of heal wounds {unknown}
 z - a potion of brilliance {unknown}
Comestibles
 f - 5 bread rations
 A - a chunk of flesh


   Skills:
 + Level 1.9 Fighting
 + Level 2.5 Short Blades
 + Level 2.6 Armour
 + Level 3.7 Dodging
 + Level 2.3 Stealth
 * Level 4.3 Evocations


You had 5 spell levels left.
You didn't know any spells.

Dungeon Overview and Level Annotations

Branches:
Dungeon (4/15)
 Temple: D:4-7

Altars:
Fedhas
Trog

Annotations:
D:4 Aryth's ghost, average DsMo; Edmund; Ijyb; Pikel


Innate Abilities, Weirdness & Mutations

You can fly.
You have a beak for a mouth.
You have claws for feet.


Message History

A giant gecko comes into view.
You see here 20 stones.
You hear the hiss of a distant avalanche of sand.
You see here a slice of pizza.
Evoke which item? (* to show all) (? for menu, Esc to quit)
Zapping:
c - a wand of enslavement (9)
Press: ? - help, Shift-Dir - straight line, p - Pikel The ogre resists with significant effort.
This wand has 8 charges left.
The ogre hits you with a giant club!
* * * LOW HITPOINT WARNING * * *
Evoke which item? (* to show all) (? for menu, Esc to quit)
Okay, then.
Evoke which item? (* to show all) (? for menu, Esc to quit)
Zapping:
c - a wand of enslavement (8)
Press: ? - help, Shift-Dir - straight line, f - ogre
Aim: an ogre, wielding a giant club (chance 55%)
The ogre resists with significant effort.
This wand has 7 charges left.
The ogre hits you with a giant club!!
Ouch! That really hurt!
You die...

#### ####..# ......#######
##.... #....# .....###.[..#
##### ##.)...[...##########...#
#..###.........##.......# #.##
####.####..........######
#.#######..K.lO@..†...<......#
.#......##.######.<...........#
........#..# #..........###.#
........(..# #.........>.#
.........#.# .............#
.......%.#.##.............#
.....(...#......#.........#
..#...........##..........#
............. .....####


You could see Pikel, an ogre and a giant gecko.

Vanquished Creatures
  Sigmund (D:3)
  An orc priest (D:3)
  4 adders
  4 gnolls (D:2)
  A shadow imp (D:3)
  2 worms
  2 giant geckos (D:4)
  An ooze (D:1)
  9 orcs
  11 goblins
  11 hobgoblins
  2 jackals (D:2)
  12 kobolds
  A quokka (D:2)
  3 bats
  A giant cockroach (D:1)
  2 giant newts
  7 rats
75 creatures vanquished.

Vanquished Creatures (collateral kills)
  A slave (D:4)
  A goblin (D:4)
2 creatures vanquished.

Vanquished Creatures (others)
  A slave (D:4)
1 creature vanquished.

Grand Total: 78 creatures vanquished

Notes
Turn   | Place    | Note
--------------------------------------------------------------
     0 | D:1      | Fusha, the Tengu Artificer, began the quest for the Orb.
     0 | D:1      | Reached XP level 1. HP: 12/12 MP: 1/1
   216 | D:1      | Reached XP level 2. HP: 16/16 MP: 4/4
  1093 | D:2      | Reached XP level 3. HP: 18/20 MP: 5/5
  1592 | D:2      | Found a bloodstained altar of Trog.
  2354 | D:2      | Found a blossoming altar of Fedhas.
  2406 | D:2      | Reached skill level 1 in Armour
  2786 | D:2      | Reached XP level 4. HP: 25/25 MP: 7/7
  3607 | D:2      | Reached XP level 5. HP: 19/29 MP: 10/10
  3790 | D:3      | Reached skill level 4 in Evocations
  4537 | D:3      | Noticed Sigmund
  4542 | D:3      | Killed Sigmund
  4542 | D:3      | Reached XP level 6. HP: 33/35 MP: 12/12
  4861 | D:4      | Noticed Ijyb
  4861 | D:4      | Noticed Pikel
  4942 | D:4      | Noticed Aryth's ghost (average DsMo)
  4951 | D:4      | Noticed Edmund
  4977 | D:4      | HP: 1/35 [ogre/giant club (11)]
  4979 | D:4      | Demolished by an ogre

Action                   |  1- 3 |  4- 6 || total
-------------------------+-------+-------++-------
Melee: Short sword       |   154 |   150 ||   304
Evoke: Wand              |     1 |    13 ||    14
 Stab: Paralysed         |       |     3 ||     3
       Sleeping          |       |     2 ||     2
       Distracted        |       |     1 ||     1
  Eat: Chunk             |     2 |     6 ||     8
       Meat ration       |     1 |       ||     1
